 Dungeon Crawl Stone Soup version 0.25.1-2-g60ff931df9 (webtiles) character file.

Game seed: 14921835748270196693

491 Curus the Basher (level 6, -3/51 HPs)
             Began as a Minotaur Monk on Sept 22, 2020.
             Was a Believer of Wu Jian.
             Slain by an orc warrior
             ... wielding a +0 broad axe
              (15 damage)
             ... on level 4 of the Dungeon.
             The game lasted 00:21:17 (4142 turns).

Curus the Basher (Minotaur Monk)                    Turns: 4142, Time: 00:21:18

Health: -3/51      AC:  8    Str: 16    XL:     6   Next: 91%
Magic:  0/5        EV: 12    Int:  7    God:    Wu Jian [**....]
Gold:   184        SH:  4    Dex: 14    Spells: 5/5 levels left

rFire    + . .     SeeInvis .   a - +0 mace
rCold    . . .     Gourm    .   f - +1 buckler
rNeg     . . .     Faith    .   m - +2 leather armour {rF+}
rPois    .         Spirit   +   n - +0 hat
rElec    .         Reflect  .   (no cloak)
rCorr    .         Harm     .   j - +2 pair of gloves
MR       .....                  (no boots)
Stlth    ++........             i - amulet of guardian spirit
HPRegen  0.17/turn              (no ring)
MPRegen  0.09/turn              (no ring)

@: no status effects
A: retaliatory headbutt, horns 2
a: Wall Jump, Renounce Religion


You were on level 4 of the Dungeon.
You worshipped Wu Jian.
Wu Jian was pleased with you.
You were not hungry.

You visited 2 branches of the dungeon, and saw 5 of its levels.

You collected 184 gold pieces.

Inventory:

Hand Weapons
 a - a +0 mace (weapon)
Armour
 b - a +0 robe
 e - a +0 ring mail
 f - a +1 buckler (worn)
 j - a +2 pair of gloves (worn)
 m - a +2 leather armour of fire resistance (worn)
 n - a +0 hat (worn)
Jewellery
 i - an amulet of guardian spirit (around neck)
Wands
 d - a wand of paralysis (11)
 l - a wand of disintegration (18)
Scrolls
 g - 6 scrolls of identify
 h - a scroll of fog
 k - a scroll of remove curse
Comestibles
 c - 8 rations
 o - 3 chunks of flesh


   Skills:
 - Level 3.6 Fighting
 + Level 9.5 Maces & Flails
 - Level 3.2 Dodging
 - Level 1.5 Stealth


You had 5 spell levels left.
You didn't know any spells.
Your spell library was empty.

Dungeon Overview and Level Annotations

Branches:
Dungeon (4/15)             Temple (1/1) D:4

Altars:
Ashenzari
Cheibriados
Dithmenos
Elyvilon
Fedhas
Hepliaklqana
Kikubaaqudgha
Nemelex Xobeh
Qazlal
Ru
Uskayaw
Wu Jian
Zin
The Shining One

Shops:
D:4 [


Innate Abilities, Weirdness & Mutations

You reflexively headbutt those who attack you in melee.
You have a pair of horns on your head.


Message History

Your headbutt misses the orc warrior. The orc warrior completely misses you.
You hit the orc warrior but do no damage.
Your headbutt misses the orc warrior.
The orc warrior hits you with a +0 broad axe!!
You hit the orc warrior.
The orc warrior is lightly wounded.
You hit the orc warrior but do no damage.
The orc warrior is lightly wounded.
The orc warrior hits you with a +0 broad axe!
You hit the orc warrior. Your headbutt misses the orc warrior.
The orc warrior is moderately wounded.
The orc warrior hits you with a +0 broad axe!
* * * LOW HITPOINT WARNING * * *
Evoke which item? (* to show all) (? for menu, Esc to quit)
Aiming: Paralyse
Press: ? - help, Shift-Dir - straight line, f - orc warrior
Aim: an orc warrior, wielding a +0 broad axe and wearing a +0 plate armour (moderately wounded, chance to defeat MR: 46%)
The orc warrior resists with some effort.
The orc warrior hits you with a +0 broad axe!
You die...

##...##
####.....########
.................
#.###.....########
#.....## ##...##
##.## #.# #@# #o#


oJ. ..... ....... #.## ......... .... ..(.......+ #### ##.........# You could
see an orc warrior, an ooze and an orc.

Vanquished Creatures
  A scorpion (D:4)
  A vampire bat (D:3)
  An orc priest (D:3)
  An orc wizard (D:2)
  2 bullfrog skeletons
  Natasha (thrice) (D:3)
  A worker ant (D:4)
  Robin (D:3)
  5 adders
  2 worms
  2 dart slugs
  3 leopard geckos
  12 orcs
  A ball python (D:2)
  18 bats
  3 giant cockroaches
  25 goblins
  7 hobgoblins
  3 jackals (D:2)
  8 kobolds
  A quokka (D:4)
  9 frilled lizards
  12 rats
122 creatures vanquished.

Notes
Turn   | Place    | Note
-------+----------+-------------------------------------------
     0 | D:1      | Curus the Minotaur Monk began the quest for the Orb.
     0 | D:1      | Reached XP level 1. HP: 19/19 MP: 0/0
   174 | D:1      | Reached skill level 4 in Maces & Flails
   308 | D:1      | Reached XP level 2. HP: 26/26 MP: 1/1
   681 | D:1      | Reached skill level 5 in Maces & Flails
   892 | D:2      | Found a blossoming altar of Fedhas.
   907 | D:2      | Reached XP level 3. HP: 31/31 MP: 2/2
  1479 | D:2      | Reached XP level 4. HP: 38/39 MP: 3/3
  1564 | D:3      | Reached skill level 6 in Maces & Flails
  1587 | D:2      | Reached skill level 7 in Maces & Flails
  1587 | D:2      | Reached XP level 5. HP: 6/45 MP: 4/4
  1589 | D:2      | HP: 2/45 [hobgoblin (2)]
  1947 | D:3      | Noticed Natasha
  1954 | D:3      | Killed Natasha
  2020 | D:3      | Found a stormy altar of Qazlal.
  2021 | D:3      | Found a blossoming altar of Fedhas.
  2028 | D:3      | Noticed Robin
  2040 | D:3      | Killed Robin
  2065 | D:3      | Noticed Natasha
  2076 | D:3      | Killed Natasha
  2077 | D:3      | Reached skill level 8 in Maces & Flails
  2097 | D:3      | Noticed Natasha
  2570 | D:3      | Reached XP level 6. HP: 14/51 MP: 0/5
  3156 | D:3      | Killed Natasha
  3426 | D:4      | Found Daip Tid's Armour Emporium.
  3500 | D:4      | Reached skill level 9 in Maces & Flails
  3518 | D:4      | Found a staircase to the Ecumenical Temple.
  3536 | Temple   | Entered the Ecumenical Temple
  3733 | Temple   | Became a worshipper of the Wu Jian Council
  3733 | Temple   | Reached * piety under Wu Jian
  3733 | Temple   | Reached ** piety under Wu Jian
  4135 | D:4      | Noticed an orc warrior
  4142 | D:4      | Slain by an orc warrior

Illustrated notes

Levels and vault maps discovered:
D:1:      ncdulo_smallfort, layout_loops_ring, serial_bayou_crossing
D:2:      layout_basic, fedhas_altar_2
D:3:      layout_basic, grunt_temple_overflow_forces_of_nature, roderic_batcave,
          kennysheep_generic_room_2, uniq_natasha, uniq_robin
D:4:      layout_loops_corners, grunt_temple_overflow_champion_of_chaos,
          minmay_temple_entry_grid, first_ration, serial_shops, shop
Temple:   minmay_temple_bridge_abc

Skill      XL: |  1  2  3  4  5  6 |
---------------+-------------------+-----
Maces & Flails | 4 5 7 8 9 |  9.5
Fighting       | |  3.6
Dodging        | |  3.2
Stealth        | |  1.5

Action                   |  1- 3 |  4- 6 || total
-------------------------+-------+-------++-------
Melee: Mace              |   120 |   188 ||   308
       Headbutt          |    14 |    23 ||    37
Evoke: Wand              |       |     1 ||     1
  Use: Scroll            |     7 |     3 ||    10
       Potion            |     4 |     2 ||     6
 Stab: Sleeping          |       |     2 ||     2
  Eat: Chunk             |     2 |     9 ||    11
Armor: Robe              |     2 |       ||     2
       Ring mail         |    42 |    63 ||   105
       Leather armour    |       |    24 ||    24
Dodge: Dodged            |    78 |   122 ||   200
Block: Buckler           |    18 |    34 ||    52
